 Dungeon Crawl Stone Soup version 0.32-a0-329-ge6c31236d6 (webtiles) character file.

Game seed: 12514938335519827922

590976 Newt the Conqueror (level 27, -10/167 (199) HPs)
             Began as a Gargoyle Fighter on Feb 16, 2024.
             Was the Champion of Makhleb.
             Killed from afar by an Ice Fiend (13 damage)
             ... with a bolt of cold
             ... on level 5 of Gehenna.
             The game lasted 01:36:33 (56580 turns).

Newt the Conqueror (Gargoyle Fighter)              Turns: 56580, Time: 01:36:34

HP:   -10/167 (199) AC: 58    Str: 38      XL:     27
MP:   35/35         EV:  7    Int: 10      God:    Makhleb [******]
Gold: 5969          SH: 31    Dex: 14 (15) Spells: 37/40 levels left

rFire   + + .        a - +9 broad axe (vamp)
rCold   + + .        Y - +7 tower shield {AC+3}
rNeg    + . .        s - +2 gold dragon scales
rPois   ∞            O - +1 hat "Devytor" {Will+ Str+2}
rElec   +            k - scarf {rC+ rF+}
rCorr   .            i - +2 pair of gloves
SInv    +            p - +1 pair of boots
Will    +++..        W - amulet of reflection Stlth
                     R - ring of Wuefogev {rF+ Will+ SInv}
HPRegen 0.47/turn    J - ring of Eweocs {Will- Str+3 Dex+6 Slay+4 SInv}
MPRegen 0.24/turn

%: reflection
@: flying, studying 3 skills, heavily drained, unable to read
A: sickness immunity, AC +20, big wings, negative energy resistance 1,
electricity resistance, torment resistance 1, petrification resistance, heat
vulnerability 1
}: 4/15 runes: decaying, serpentine, slimy, silver
a: Renounce Religion, Minor Destruction, Lesser Servant of Makhleb, Major
Destruction, Greater Servant of Makhleb


You were on level 5 of Gehenna.
You worshipped Makhleb.
Makhleb was exalted by your worship.
You visited 13 branches of the dungeon, and saw 55 of its levels.
You visited the Abyss 1 time.
You also visited: Volcano.

You collected 6795 gold pieces.
You spent 826 gold pieces at shops.

Inventory:

Hand Weapons
 a - a +9 vampiric broad axe (weapon)
 b - a +9 antimagic broad axe
 e - the +8 whip "Snakebite" {venom, curare, rPois}
   (You found it on level 2 of the Depths)

   rPois:     It protects you from poison
Armour
 i - a +2 pair of gloves (worn)
 k - a scarf of resistance (worn)
 n - the +0 helmet of Gozag's Benevolence {Fly rCorr Dex-4 Stlth+}
   (You found it on level 5 of the Vaults)

   Dex-4:     It affects your dexterity (-4).
   Fly:       It grants you flight.
   rCorr:     It protects you from acid and corrosion.
   Stlth+:    It makes you more stealthy.
 p - a +1 pair of boots (worn)
 s - +2 gold dragon scales (worn)
 O - the +1 hat "Devytor" (worn) {Will+ Str+2}
   (You found it on level 1 of the Orcish Mines)

   Str+2:     It affects your strength (+2).
   Will+:     It increases your willpower.
 Y - a +7 tower shield of protection (worn)
Jewellery
 J - the ring of Eweocs (right hand) {Will- Str+3 Dex+6 Slay+4 SInv}
   (You found it on level 4 of the Snake Pit)

   [ring of dexterity]

   Str+3:     It affects your strength (+3).
   Dex+6:     It affects your dexterity (+6).
   Slay+4:    It affects your accuracy & damage with ranged weapons and melee
   (+4).
   Will-:     It decreases your willpower.
   SInv:      It lets you see invisible.
 M - a ring of willpower
 Q - a ring of protection from cold
 R - the ring of Wuefogev (left hand) {rF+ Will+ SInv}
   (You took it off an ironbound convoker on level 5 of the Vaults)

   [ring of willpower]

   rF+:       It protects you from fire.
   Will+:     It increases your willpower.
   SInv:      It lets you see invisible.
 W - an amulet of reflection (around neck)
Wands
 y - a wand of mindburst (4)
 G - a wand of flame (150) (quivered)
 K - a wand of light (11)
 N - a wand of roots (47)
 T - a wand of digging (34)
 V - a wand of charming (51)
Scrolls
 h - 16 scrolls of teleportation
 l - 2 scrolls of silence
 q - 8 scrolls of revelation
 r - 5 scrolls of torment
 t - 5 scrolls of immolation
 w - 3 scrolls of fear
 x - a scroll of summoning
 L - a scroll of blinking
 S - 5 scrolls of poison
Potions
 f - 23 potions of curing
 g - 4 potions of lignification
 j - 2 potions of heal wounds
 m - 8 potions of cancellation
 o - a potion of mutation
 u - 4 potions of invisibility
 z - 2 potions of berserk rage
 A - 3 potions of resistance
 D - 3 potions of haste
 F - 5 potions of ambrosia
 H - 7 potions of enlightenment
 P - 6 potions of attraction
 X - 4 potions of brilliance
 Z - 6 potions of might
Miscellaneous
 c - a phantom mirror
 d - the horn of Geryon
 B - a lightning rod (4/4)
 C - a phial of floods
 E - a box of beasts
 U - a tin of tremorstones (2/2)


   Skills:
 O Level 27 Fighting
 - Level 19.8(20.0) Axes
 - Level 5.0(14.9) Maces & Flails
 - Level 23.0 Armour
 - Level 16.2 Shields
 + Level 7.3 Spellcasting
 + Level 6.6 Necromancy
 - Level 17.2 Invocations
 - Level 15.0 Evocations


You had 37 spell levels left.
You knew the following spells:

 Your Spells              Type           Power      Damage    Failure   Level
a - Fugue of the Fallen   Necr           17%        N/A       30%         3

Your spell library contained the following spells:

 Spells                   Type           Power      Damage    Failure   Level
 Necrotise                Necr           68%        1d7       10%         1
 Vampiric Draining        Necr           17%        2d7       30%         3
 Animate Dead             Necr           17%        N/A       69%         4
 Dispel Undead            Necr           17%        3d10      69%         4
 Apportation              Tloc           6%         N/A       85%         1
 Foxfire                  Conj/Fire      12%        2x1d4     85%         1
 Magic Dart               Conj           12%        1d3       85%         1
 Shock                    Conj/Air       12%        1d3       85%         1
 Blink                    Tloc           6%         N/A       94%         2
 Call Imp                 Summ           6%         N/A       94%         2
 Ensorcelled Hibernation  Hex/Ice        6%         N/A       94%         2
 Jinxbite                 Hex            6%         N/A       94%         2
 Lesser Beckoning         Tloc           6%         N/A       94%         2
 Mercury Vapours          Alch/Air       6%         N/A       94%         2
 Momentum Strike          Conj/Tloc      6%         3d8       94%         2
 Scorch                   Fire           6%         2d5       94%         2
 Static Discharge         Conj/Air       6%         3-4/arc   94%         2
 Curse of Agony           Necr           17%        N/A       95%         5
 Confusing Touch          Hex            3%         N/A       99%         3
 Dazzling Flash           Conj/Hex       6%         N/A       99%         3
 Gell's Gravitas          Tloc           3%         N/A       99%         3
 Hailstorm                Conj/Ice       3%         3d5       99%         3
 Inner Flame              Hex/Fire       3%         N/A       99%         3
 Mephitic Cloud           Conj/Alch/Air  3%         N/A       99%         3
 Ozocubu's Armour         Ice            3%         N/A       99%         3
 Passwall                 Erth           3%         N/A       99%         3
 Summon Ice Beast         Ice/Summ       3%         N/A       99%         3
 Swiftness                Air            3%         N/A       99%         3
 Teleport Other           Tloc           3%         N/A       99%         3
 Tukima's Dance           Hex            3%         N/A       99%         3
 Volatile Blastmotes      Fire/Tloc      6%         2d10      99%         3
 Anguish                  Hex/Necr       5%         N/A       99%         4
 Martyr's Knell           Necr/Summ      10%        N/A       99%         4
 Animate Armour           Summ/Erth      6%         N/A       100%        4
 Cause Fear               Hex            1%         N/A       100%        4
 Dimensional Bullseye     Hex/Tloc       1%         N/A       100%        4
 Flame Wave               Conj/Fire      3%         2d5       100%        4
 Fulminant Prism          Conj/Alch      1%         3d5       100%        4
 Iskenderun's Mystic Bla  Conj/Tloc      3%         2d3       100%        4
 Leda's Liquefaction      Alch/Erth      1%         N/A       100%        4
 Manifold Assault         Tloc           3%         N/A       100%        4
 Passage of Golubria      Tloc           3%         N/A       100%        4
 Sticky Flame             Fire/Alch      3%         2d4       100%        4
 Summon Lightning Spire   Summ/Air       3%         N/A       100%        4
 Vhi's Electric Charge    Tloc/Air       6%         N/A       100%        4
 Alistair's Intoxication  Alch           2%         N/A       100%        5
 Arcjolt                  Conj/Air       1%         1d11      100%        5
 Borgnjor's Vile Clutch   Necr/Erth      5%         N/A       100%        5
 Freezing Cloud           Conj/Ice/Air   1%         6-21      100%        5
 Lee's Rapid Deconstruct  Erth           1%         3d4*      100%        5
 Metabolic Englaciation   Hex/Ice        1%         N/A       100%        5
 Yara's Violent Unravell  Hex/Alch       1%         3d3       100%        5
 Bombard                  Conj/Erth      1%         9d1       100%        6
 Death Channel            Necr           8%         N/A       100%        6
 Dispersal                Tloc           1%         N/A       100%        6
 Plasma Beam              Fire/Air       1%         2x1d11    100%        6
 Sculpt Simulacrum        Ice/Alch       1%         N/A       100%        6
 Starburst                Conj/Fire      1%         6d3       100%        6
 Summon Cactus Giant      Summ           1%         N/A       100%        6
 Enfeeble                 Hex            1%         N/A       100%        7
 Haunt                    Necr/Summ      5%         N/A       100%        7
 Malign Gateway           Summ/Tloc      1%         N/A       100%        7
 Monstrous Menagerie      Summ           1%         N/A       100%        7
 Summon Hydra             Summ           1%         N/A       100%        7
 Borgnjor's Revivificati  Necr           8%         N/A       100%        8
 Disjunction              Tloc           1%         N/A       100%        8
 Infestation              Necr           8%         N/A       100%        8
 Maxwell's Capacitive Co  Air            1%         ∞         100%        8
 Death's Door             Necr           8%         N/A       100%        9
 Sublimation of Blood     Necr           Unusable   N/A       N/A         2
 Cigotuvi's Dreadful Rot  Necr/Alch/Air  Unusable   N/A       N/A         2

Dungeon Overview and Level Annotations

Branches:
Dungeon (15/15)            Temple (1/1) D:4            Lair (5/5) D:8
  Swamp (4/4) Lair:3        Snake (4/4) Lair:2        Slime (5/5) Lair:5
    Orc (2/2) D:10            Elf (3/3) Orc:2        Vaults (5/5) D:14
  Crypt (3/3) Vaults:3       Tomb (0/3) Crypt:3      Depths (2/4) D:15
   Hell (visited)             Dis (0/7) Hell            Geh (5/7) Hell
    Coc (0/7) Hell            Tar (0/7) Hell        Volcano (visited)

Altars:
Ashenzari
Cheibriados
Dithmenos
Elyvilon
Fedhas
Gozag
Hepliaklqana
Kikubaaqudgha
Makhleb
Nemelex Xobeh
Okawaru
Qazlal
Ru
Sif Muna
Trog
Uskayaw
Vehumet
Wu Jian
Xom
Yredelemnul
Zin
The Shining One
Jiyva

Shops:
D:6 *   D:11 [   D:13 *   Orc:2 =([*   Elf:1 [=   Elf:2 :   Snake:1 *
Vaults:3 *[(*=

Portals:
Hell: Depths:1 Depths:2
Abyss: Depths:2
Pandemonium: Depths:1 Depths:2
Ziggurat: Depths:1

Annotations:
D:5 2 runed translucent doors, Aldia's ghost, novice MDRe
D:12 3 runed translucent doors, DeathSocks's ghost, journeyman MiGl; Hufezxep's ghost, journeyman VSFi; Ibipan's ghost, journeyman MfIE; Kuanyrghaojy's ghost, journeyman DgFi


Innate Abilities, Weirdness & Mutations

You are immune to sickness and miasma.
Your stone body is resilient. (AC +20)
You are immune to poison.
Your large and strong wings let you fly.
You resist negative energy. (rN+)
You are resistant to electric shocks. (rElec)
You are resistant to unholy torment.
You are immune to petrification.
You are vulnerable to heat. (rF-)


Message History

The hellephant bites you but does no damage.
The hellephant completely misses you.
The Hell Sentinel hits you but does no damage. x2
Unknown command.
Unknown command.
You hit the Brimstone Fiend but do no damage.
The Brimstone Fiend is almost dead.
You hit the Hell Sentinel but do no damage.
You hit the hellephant. You block the Brimstone Fiend's attack.
The Brimstone Fiend hits you but does no damage.
You block the Brimstone Fiend's attack.
The Ice Fiend calls on the powers of darkness!
Your body is wracked with pain!
* * * LOW HITPOINT WARNING * * *
A stoker comes into view.
The hellephant blinks!
The Tzitzimitl calls on the powers of darkness!
Your body is wracked with pain!
* * * LOW HITPOINT WARNING * * *
You block the Hell Sentinel's attack. x2
Unknown command.
Unknown command.
You closely miss the Brimstone Fiend.
The Brimstone Fiend is almost dead.
You slash the Hell Sentinel! The Brimstone Fiend gestures at you.
The sphere of damnation explodes!
The damnation engulfs you!!
* * * LOW HITPOINT WARNING * * *
The damnation engulfs the Brimstone Fiend.
The Brimstone Fiend completely resists.
The damnation engulfs the Hell Sentinel.
The Hell Sentinel completely resists.
The hellephant breathes flames at you. The blast of flame hits you. You resist.
* * * LOW HITPOINT WARNING * * *
The blast of flame hits the Brimstone Fiend.
The Brimstone Fiend completely resists.
The Ice Fiend gestures at you. The bolt of cold hits you! You resist.
You die...

##...####
###.......##
#....≈≈≈≈≈.##
#.#..≈...≈..###
..............##
..##..Y..1.≈≈..##
..#.........≈...#
..#....∩1@1.≈....
..#......1.§§§§≈.
..##.......§≈§≈§.
.#.........§§§≈≈≈
....n#...#.§.≈≈≈.
##...#####..§.≈≈L
##.........§≈≈≈.
#.....#..≈≈≈≈..


You could see a hellephant (catching breath), a searing wretch, a Hell Sentinel,
a Tzitzimitl, a Brimstone Fiend and an Ice Fiend.

Vanquished Creatures
  Dissolution (Slime:5)
  the Royal Jelly (Slime:5)
  2 dread liches
  Mennas (Vaults:3)
  Mara (Swamp:3)
  3 ancient liches
  Saint Roka (Elf:3)
  Geryon (Hell)
  A caustic shrike (Depths:2)
  4 golden dragons
  Nikola (Depths:2)
  A Brimstone Fiend (Geh:4)
  A shard shrike zombie (Crypt:1)
  2 bone dragons (Crypt:3)
  3 hellephants
  8 liches
  2 tentacled monstrosities (Vaults:5)
  Jorgrun (Orc:1)
  A tainted leviathan (Hell)
  2 deep elf master archers (Elf:3)
  2 quicksilver dragons (Vaults:5)
  7 titans
  3 deep elf blademasters
  14 searing wretches
  19 acid blobs
  6 sphinxes
  Agnes (Snake:3)
  5 ancient champions
  Gastronok (D:9)
  9 tengu reavers
  15 nagarajas
  4 revenants
  A fenstrider witch (Swamp:1)
  A storm dragon (Depths:2)
  12 azure jellies
  12 rockslimes
  9 fire giants
  22 vault wardens
  3 iron dragons
  7 deep elf sorcerers
  A ghost moth (Abyss:5)
  4 deep elf elementalists
  5 frost giants
  7 balrugs
  A juggernaut zombie (Hell)
  4 curse skulls
  5 formless jellyfish
  20 ironbound preservers
  2 orc warlords
  A caustic shrike skeleton (Depths:1)
  8 ghouls
  The ghost of Woezunes the Lord of Darkness, an adept FeSu of Kikubaaqudgha (Snake:4)
  11 quicksilver oozes (Slime:5)
  An angel (Abyss:5)
  4 reapers (Hell)
  8 very ugly things
  6 ironbound thunderhulks
  9 stone giants
  9 vampire knights
  4 putrid mouths (Hell)
  7 deep elf annihilators
  18 deep elf death magi
  7 deep elf demonologists
  A juggernaut skeleton (Hell)
  A spark wasp (Depths:2)
  4 war gargoyles
  An eleionoma (Swamp:2)
  2 dire elephants
  4 bunyips
  Nessos (D:14)
  A blizzard demon (Abyss:5)
  A crystal guardian (Vaults:4)
  6 ettins
  11 jiangshi
  3 entropy weavers
  5 deep elf high priests
  8 eidola
  5 fire dragons
  14 yaktaur captains
  A peacekeeper (Vaults:4)
  11 great orbs of eyes
  A quicksilver dragon skeleton (Crypt:3)
  Erolcha (Orc:1)
  Fannar (Lair:3)
  A caustic shrike simulacrum (Abyss:3)
  22 hydras
  3 ice dragons
  2 rakshasas (D:15)
  9 salamander tyrants
  35 vault guards
  11 alligators
  6 boulder beetles
  3 catoblepae (Lair:5)
  Erica (D:12)
  4 death knights
  2 spriggan air magi (Depths:1)
  An ogre mage (D:15)
  10 two-headed ogres
  5 stokers
  8 anacondas
  13 centaur warriors
  24 dancing weapons
  2 deep troll shamans (Depths:1)
  5 ironbound frosthearts
  13 vampire magi
  4 deep troll earth magi
  18 hell hogs
  10 death yaks
  3 tengu warriors
  14 naga warriors
  5 orc high priests
  2 spriggan berserkers
  13 naga sharpshooters
  4 hell knights (Hell)
  5 shock serpents
  2 titan skeletons
  2 sun demons (Hell)
  Sonja (D:13)
  12 deep elf knights
  6 soul eaters
  An iron troll (Depths:1)
  A storm dragon skeleton (Depths:2)
  57 skeletal warriors
  8 goliath frogs
  3 salamander mystics
  3 shadow wraiths
  A golden dragon zombie (Depths:2)
  55 deep trolls
  2 skysharks
  Lodul (D:14)
  A mana viper (shapeshifter) (Vaults:5)
  2 glowing orange brains
  A death drake (Swamp:4)
  2 anaconda zombies (Crypt:1)
  18 phantasmal warriors
  2 flayed ghosts
  A bunyip skeleton (Crypt:3)
  8 arcanists
  19 bog bodies
  A spriggan simulacrum (Depths:1)
  An iron giant skeleton (Crypt:3)
  15 deep elf archers
  22 ironbound convokers
  7 mana vipers
  10 necromancers
  3 naga ritualists
  15 lindwurms
  3 anaconda skeletons
  9 swamp dragons (Swamp:4)
  6 orc knights
  A wolf spider zombie (D:15)
  27 deep elf zephyrmancers
  5 harpies (Vaults:2)
  4 cyclopes
  33 deep elf pyromancers
  A manticore (shapeshifter) (Elf:3)
  3 orc sorcerers (Orc:2)
  2 frost giant zombies
  11 salamanders
  2 shining eyes (Slime:5)
  A glowing shapeshifter (Vaults:5)
  11 elephants
  A cyclops (shapeshifter) (Depths:2)
  6 will-o-the-wisps
  28 ugly things
  A dire elephant zombie (Crypt:1)
  An alligator skeleton (Crypt:3)
  A shining eye (shapeshifter) (Vaults:5)
  20 black mambas
  6 kobold blastminers
  A moth of wrath (shapeshifter) (Vaults:5)
  4 manticores
  2 centaur zombies
  15 naga magi
  6 rust devils (Hell)
  A fire giant skeleton (Depths:1)
  4 eyes of devastation
  4 guardian serpents
  Joseph (D:12)
  A human skeleton (Crypt:3)
  An emperor scorpion simulacrum (Hell)
  5 centaur skeletons
  2 torpor snails (Lair:5)
  22 vault sentinels
  A torpor snail (shapeshifter) (Vaults:5)
  A large abomination (Abyss:3)
  An elf zombie (Vaults:2)
  10 cane toads
  A dire elephant skeleton (Crypt:3)
  A sea snake zombie (Hell)
  A komodo dragon (shapeshifter) (Vaults:3)
  27 yaktaurs
  7 komodo dragons
  A red draconian zombie (Crypt:3)
  2 efreet
  2 unseen horrors
  2 naga skeletons (Crypt:3)
  7 ice devils (Hell)
  2 mana viper skeletons
  3 rime drakes
  3 hellions
  A red draconian skeleton (Crypt:2)
  An alligator snapping turtle skeleton (Crypt:3)
  An ancient zyme (Abyss:5)
  A white draconian zombie (Crypt:1)
  2 great orb of eyes zombies
  A tengu conjurer (D:15)
  10 freezing wraiths
  A queen bee (shapeshifter) (D:14)
  2 sea snake skeletons (Hell)
  A tormentor (Geh:4)
  2 harpy zombies (Hell)
  3 polar bears
  3 hydra zombies (Hell)
  A death yak skeleton (Crypt:2)
  10 tyrant leeches
  A bloated husk (Swamp:1)
  11 hornets
  11 trolls
  3 harpy skeletons
  A tarantella (shapeshifter) (Vaults:3)
  3 glass eyes
  A snapping turtle (shapeshifter) (Vaults:5)
  A blink frog (shapeshifter) (Elf:3)
  2 hydra skeletons (Hell)
  16 blink frogs
  A spriggan zombie (Depths:1)
  63 slime creatures
  7 air elementals
  5 water elementals
  2 ettin skeletons (Crypt:3)
  10 spriggans
  A satyr skeleton (Crypt:3)
  6 wraiths
  8 fire elementals
  16 humans (D:13)
  A hog (shapeshifter) (Elf:3)
  2 redbacks
  A slime creature zombie (Crypt:2)
  5 basilisks
  5 starcursed masses (Abyss:5)
  73 yaks
  6 golden eyes
  9 wargs
  4 wyverns
  A sea snake simulacrum (Hell)
  10 vampire mosquitoes
  Menkaure (D:5)
  A skyshark zombie (Crypt:3)
  53 nagas
  18 swamp worms
  A chaos spawn (Abyss:3)
  A jumping spider (shapeshifter) (Vaults:5)
  An acid dragon (D:12)
  4 hell hounds (Volcano)
  A human zombie (Vaults:2)
  15 water moccasins
  A glowing shapeshifter skeleton (Crypt:2)
  3 ice beasts
  A sky beast (D:6)
  A hornet zombie (Crypt:1)
  An ogre skeleton (Vaults:2)
  30 orc warriors
  10 swamp drakes
  3 black bears
  19 wolves
  3 boggarts (Vaults:1)
  A swamp dragon zombie (Crypt:2)
  20 laughing skulls
  12 ogres
  An elephant skeleton (Crypt:3)
  8 centaurs
  3 phantoms
  A kobold brigand (D:7)
  9 bullfrogs
  A gnoll sergeant (D:7)
  3 earth elementals
  8 scorpions
  2 wyvern skeletons
  A queen bee zombie (Crypt:1)
  A water moccasin skeleton (Crypt:2)
  9 wights
  8 killer bees (D:7)
  A crimson imp (Orc:1)
  5 hounds
  A bombardier beetle (D:7)
  A jelly (D:5)
  7 orc priests
  2 gnoll boudas
  An iron imp (Orc:1)
  A sleepcap (D:7)
  A basilisk skeleton (Crypt:3)
  A boggart zombie (Crypt:1)
  3 iguanas
  19 orc wizards
  3 hell rats (Hell)
  A crocodile skeleton (Crypt:1)
  13 gnolls
  12 adders
  A shadow imp (Orc:1)
  14 white imps
  A ribbon worm (D:2)
  2 dart slugs
  50 orcs
  18 bats
  8 endoplasms
  3 giant cockroaches
  2 goblins
  5 hobgoblins
  7 jackals
  5 quokkas
  8 ball pythons
  A frilled lizard (D:2)
  9 kobolds
  6 rats
  A rat skeleton (Crypt:1)
  A river rat skeleton (Crypt:2)
  2 creeping infernos
  12 fire vortices
2092 creatures vanquished.

Vanquished Creatures (collateral kills)
  the Lernaean hydra (Swamp:4)
1 creature vanquished.

Vanquished Creatures (others)
  Aizul (Swamp:1)
  A fire giant (Geh:1)
  A stoker (Geh:4)
  An alligator (Swamp:1)
  3 deep elf knights
  A deep elf zephyrmancer (Elf:1)
  A centaur skeleton (D:15)
  A bloated husk (Swamp:3)
  2 vampire mosquitoes (Swamp:3)
  A naga (Snake:1)
  A boggart (Vaults:1)
  An orc wizard (D:12)
  A hell rat (Hell)
  4 creeping infernos
  2 fire vortices
  26 foxfires
48 creatures vanquished.

Grand Total: 2141 creatures vanquished

Notes
Turn   | Place    | Note
-------+----------+-------------------------------------------
     0 | D:1      | Newt the Gargoyle Fighter began the quest for the Orb.
     0 | D:1      | Reached XP level 1. HP: 14/14 MP: 1/1
    75 | D:1      | Reached XP level 2. HP: 19/19 MP: 2/2
   119 | D:1      | Reached XP level 3. HP: 24/24 MP: 3/3
   438 | D:1      | Reached skill level 4 in Fighting
   523 | D:1      | Found a faded altar of an unknown god.
   703 | D:2      | Reached XP level 4. HP: 19/29 MP: 4/4
   900 | D:2      | Found a shadowy altar of Dithmenos.
  1337 | D:2      | Reached XP level 5. HP: 34/34 MP: 5/5
  2118 | D:3      | Found a shadowy altar of Dithmenos.
  2124 | D:3      | Identified the +3 kite shield "Pogeduar" {rPois Str+3
                  | Dex+2}
  2367 | D:3      | Found a hide-covered altar of Uskayaw.
  2417 | D:4      | Found a shimmering blue altar of Sif Muna.
  3124 | D:4      | Reached skill level 5 in Maces & Flails
  3223 | D:4      | Found a staircase to the Ecumenical Temple.
  3251 | Temple   | Entered the Ecumenical Temple
  3260 | Temple   | Became a worshipper of Makhleb the Destroyer
  3331 | D:5      | Entered Level 5 of the Dungeon
  3331 | D:5      | Noticed an ogre
  3338 | D:5      | Noticed a water moccasin
  3357 | D:4      | Killed a water moccasin
  3358 | D:4      | Reached skill level 5 in Fighting
  3358 | D:4      | Reached XP level 6. HP: 31/40 MP: 6/6
  3401 | D:5      | Reached XP level 7. HP: 38/44 MP: 7/7
  3445 | D:4      | Reached skill level 5 in Armour
  3751 | D:5      | Noticed Menkaure
  3958 | D:5      | Killed Menkaure
  3959 | D:5      | Reached skill level 6 in Fighting
  4066 | D:5      | Reached XP level 8. HP: 52/52 MP: 8/8
  4176 | D:5      | Found an iron altar of Okawaru.
  4185 | D:5      | Reached skill level 7 in Fighting
  4427 | D:5      | Found a large runed translucent door.
  4427 | D:5      | Found a large runed translucent door.
  4431 | D:5      | Noticed Aldia's ghost (novice MDRe)
  4633 | D:6      | Found Ypre Att's Neck Hole.
  5437 | D:7      | Reached * piety under Makhleb
  5444 | D:7      | Reached XP level 9. HP: 43/59 MP: 9/9
  5622 | D:7      | Reached skill level 8 in Fighting
  6291 | D:7      | Reached skill level 10 in Armour
  6413 | D:7      | Found a basalt altar of Yredelemnul.
  6415 | D:7      | Noticed a profane servitor
  6680 | D:7      | Found a glowing golden altar of the Shining One.
  6906 | D:7      | Noticed an angel
  7154 | D:7      | Reached skill level 9 in Fighting
  7270 | D:8      | Reached ** piety under Makhleb
  7271 | D:8      | Reached skill level 5 in Shields
  7304 | D:8      | Found a staircase to the Lair.
  7586 | D:8      | Identified the +4 dagger of Idwil {holy, rF+ rC+ Int+2}
  7595 | D:8      | Reached XP level 10. HP: 63/66 MP: 10/10
  7776 | D:8      | Noticed a death yak
  7829 | D:7      | Killed a death yak
  8226 | D:8      | Reached skill level 10 in Fighting
  8696 | D:9      | Noticed Gastronok
  8726 | D:9      | Killed Gastronok
  9448 | D:9      | Found a snail-covered altar of Cheibriados.
  9518 | D:9      | Found an opulent altar of Gozag.
  9667 | D:10     | Entered Level 10 of the Dungeon
  9683 | D:10     | Noticed a two-headed ogre
  9699 | D:10     | Killed a two-headed ogre
  9700 | D:10     | Reached skill level 11 in Fighting
  9700 | D:10     | Reached skill level 5 in Axes
  9700 | D:10     | Reached XP level 11. HP: 22/74 MP: 11/11
 10158 | D:10     | Found an ornate altar of the Wu Jian Council.
 10523 | D:10     | Reached *** piety under Makhleb
 10852 | D:10     | Found a hazy altar of Hepliaklqana.
 11246 | D:10     | Found a staircase to the Orcish Mines.
 11470 | D:11     | Noticed a two-headed ogre
 11478 | D:11     | Killed a two-headed ogre
 11479 | D:11     | Reached skill level 12 in Fighting
 11526 | D:11     | Noticed a brown ugly thing
 11540 | D:11     | Killed a brown ugly thing
 11652 | D:11     | Found Sipu's Antique Armour Boutique.
 11658 | D:11     | Bought a transparent scale mail for 261 gold pieces
 11658 | D:11     | Identified the +5 scale mail "Obeheis" {Str+3 Dex+4} (You
                  | bought it in a shop on level 11 of the Dungeon)
 11761 | D:11     | Noticed a two-headed ogre
 11775 | D:11     | Killed a two-headed ogre
 11777 | D:11     | Identified a scroll of acquirement
 11778 | D:11     | Acquired a manual of Fighting
 12058 | D:12     | Noticed Erica
 12076 | D:12     | Killed Erica
 12147 | D:12     | Found a runed translucent gate.
 12148 | D:12     | Found a runed translucent gate.
 12149 | D:12     | Found a runed translucent gate.
 12150 | D:12     | Noticed Ibipan's ghost (journeyman MfIE)
 12150 | D:12     | Noticed Kuanyrghaojy's ghost (journeyman DgFi)
 12150 | D:12     | Noticed DeathSocks's ghost (journeyman MiGl)
 12150 | D:12     | Noticed Hufezxep's ghost (journeyman VSFi)
 12156 | D:12     | Noticed an arcanist
 12175 | D:12     | Killed an arcanist
 12176 | D:12     | Reached XP level 12. HP: 82/82 MP: 10/12
 12192 | D:12     | Reached skill level 13 in Fighting
 12210 | D:12     | Noticed a deep elf knight
 12222 | D:12     | Killed a deep elf knight
 12249 | D:12     | Noticed a boulder beetle
 12275 | D:12     | Killed a boulder beetle
 12276 | D:12     | Reached skill level 1 in Invocations
 12600 | D:12     | Reached skill level 1 in Evocations
 12874 | D:12     | Noticed Joseph
 12884 | D:12     | Killed Joseph
 13067 | D:12     | You fall into a shaft and drop 3 floors!
 13067 | D:15     | Entered Level 15 of the Dungeon
 13123 | D:14     | Reached skill level 14 in Fighting
 13355 | D:14     | Noticed a centaur warrior
 13371 | D:14     | Killed a centaur warrior
 13371 | D:14     | Reached **** piety under Makhleb
 13429 | D:14     | Noticed a centaur warrior
 13455 | D:13     | Killed a centaur warrior
 13749 | D:13     | Noticed Sonja
 13767 | D:13     | Noticed Lodul
 14031 | D:14     | Reached skill level 5 in Evocations
 14070 | D:14     | Killed Lodul
 14140 | D:13     | Reached skill level 15 in Fighting
 14157 | D:13     | Found Iclopuhe's Overcharged Wands.
 14164 | D:13     | Noticed a boulder beetle
 14194 | D:13     | Killed a boulder beetle
 14290 | D:13     | Identified the +1 chain mail of a treasure trove {rF++
                  | Int+4}
 14450 | D:13     | Reached XP level 13. HP: 92/92 MP: 12/14
 14566 | D:13     | Reached skill level 10 in Axes
 14654 | D:13     | Killed Sonja
 15276 | D:12     | Reached skill level 16 in Fighting
 15477 | D:14     | Noticed Nessos
 15477 | D:14     | Found a gate to the Vaults.
 15663 | D:13     | Reached ***** piety under Makhleb
 16265 | D:14     | Reached skill level 17 in Fighting
 16370 | D:14     | Killed Nessos
 17026 | D:14     | Gained mutation: Your large and strong wings let you fly.
                  | [Gargoyle growth]
 17026 | D:14     | Reached XP level 14. HP: 101/103 MP: 13/15
 17239 | D:15     | Paralysed by an ogre mage for 4 turns
 17547 | D:15     | Reached skill level 18 in Fighting
 18372 | D:15     | Found a staircase to the Depths.
 18703 | Lair:1   | Entered Level 1 of the Lair of Beasts
 18780 | Lair:1   | Found a dark tunnel.
 18785 | Volcano  | Entered a volcano
 19805 | Lair:2   | Reached XP level 15. HP: 110/110 MP: 16/16
 20071 | Lair:2   | Found a staircase to the Snake Pit.
 20145 | Lair:2   | Reached skill level 19 in Fighting
 20145 | Lair:2   | Reached XP level 16. HP: 116/116 MP: 17/17
 20590 | Lair:3   | Found a staircase to the Swamp.
 20952 | Lair:3   | Noticed Fannar
 20990 | Lair:3   | Killed Fannar
 21200 | Lair:3   | Reached ****** piety under Makhleb
 21678 | Lair:4   | Found a hazy altar of Hepliaklqana.
 22293 | Lair:5   | Entered Level 5 of the Lair of Beasts
 22394 | Lair:5   | Reached skill level 10 in Evocations
 23100 | Lair:5   | Reached skill level 20 in Fighting
 23191 | Lair:5   | Reached skill level 5 in Invocations
 23508 | Lair:5   | Identified the +2 battleaxe "Limeme" {flame, Fly Dex+3
                  | Stlth+}
 24014 | Lair:5   | Found a staircase to the Slime Pits.
 24016 | Lair:5   | Found a viscous altar of Jiyva.
 24492 | Orc:1    | Entered Level 1 of the Orcish Mines
 24492 | Orc:1    | Noticed Jorgrun
 24513 | Orc:1    | Killed Jorgrun
 24650 | Orc:1    | Noticed Erolcha
 24659 | Orc:1    | Killed Erolcha
 24784 | Orc:1    | Identified the +1 hat "Devytor" {Will+ Str+2}
 24851 | Orc:1    | Reached XP level 17. HP: 74/124 MP: 21/23
 25143 | Orc:2    | Entered Level 2 of the Orcish Mines
 25208 | Orc:2    | Found Lenuleph's Antique Weapon Shoppe.
 25653 | Orc:2    | Found Satexeor's Jewellery Shop.
 25993 | Orc:2    | Found Zaasissa's Antique Armour Shoppe.
 26008 | Orc:2    | Found a staircase to the Elven Halls.
 26066 | Orc:2    | Found Dujulela's General Store.
 26074 | Orc:2    | Bought a scroll of identify for 24 gold pieces
 26606 | Snake:1  | Entered Level 1 of the Snake Pit
 26638 | Lair:2   | Reached skill level 10 in Invocations
 27055 | Snake:1  | Found Kewy's General Store.
 27059 | Snake:1  | Bought a scroll of fear for 56 gold pieces
 27059 | Snake:1  | Bought a scroll of enchant weapon for 105 gold pieces
 27377 | Snake:1  | Acquired a +4 vampiric broad axe
 27448 | Snake:1  | Reached skill level 21 in Fighting
 28255 | Snake:2  | Identified the +11 whip "Migg" {venom, rPois rC+ Str-4
                  | Dex+3}
 28739 | Snake:3  | Noticed Agnes
 28748 | Snake:3  | Killed Agnes
 29114 | Snake:3  | Reached XP level 18. HP: 132/132 MP: 26/28
 29247 | Snake:4  | Entered Level 4 of the Snake Pit
 29361 | Snake:4  | Found a runed translucent door.
 29362 | Snake:4  | Noticed Woezunes's ghost (adept FeSu)
 29508 | Snake:4  | Identified the +10 trident of Koikahue {freeze, rC++ Dex+6}
 29871 | Snake:4  | Reached skill level 22 in Fighting
 29899 | Snake:4  | Reached skill level 15 in Invocations
 30113 | Snake:4  | Got a serpentine rune of Zot
 30398 | Snake:4  | Killed Woezunes's ghost
 30406 | Snake:4  | Identified the ring of Eweocs {Will- Str+3 Dex+6 Slay+4
                  | SInv}
 30729 | Elf:1    | Entered Level 1 of the Elven Halls
 30731 | Elf:1    | Paralysed by an air elemental for 1 turns
 30735 | Elf:1    | Paralysed by an air elemental for 1 turns
 31402 | Elf:1    | Found Suratymu's Armour Shop.
 31409 | Elf:1    | Found Keantax's Jewellery Boutique.
 31523 | Elf:1    | Reached XP level 19. HP: 140/140 MP: 31/31
 31698 | Elf:2    | Found Pevutz's Book Shop.
 32033 | Elf:2    | Reached skill level 15 in Axes
 32058 | Elf:2    | Found a runed translucent gate.
 32059 | Elf:2    | Found a runed translucent gate.
 32059 | Elf:2    | Found a runed translucent gate.
 32242 | Elf:2    | Reached skill level 23 in Fighting
 32479 | Elf:3    | Entered Level 3 of the Elven Halls
 32987 | Elf:3    | Noticed a Brimstone Fiend
 32987 | Elf:3    | Paralysed by an air elemental for 1 turns
 33109 | Abyss:3  | Cast into level 3 of the Abyss (a deep elf sorcerer)
 33161 | Abyss:3  | Found a corrupted altar of Lugonu.
 33207 | Abyss:4  | Found a corrupted altar of Lugonu.
 33214 | Abyss:5  | Found a corrupted altar of Lugonu.
 33309 | Elf:3    | Escaped the Abyss
 33314 | Elf:3    | Noticed an Ice Fiend
 33331 | Elf:3    | Reached XP level 20. HP: 90/148 MP: 17/32
 33582 | Elf:3    | Noticed Saint Roka
 33582 | Elf:3    | Identified the +5 dagger "Liabb" {flame, rC+ rN+}
 33603 | Elf:3    | Killed Saint Roka
 33687 | Elf:3    | Got the Dissertation on Arrival and Omens
 33756 | Elf:3    | Found the +4 Cigotuvi's embrace {Corpsefed rMiasma ^Drain
                  | rN+}
 33761 | Elf:3    | Identified the +0 helmet of the Constellations {Int+3
                  | Dex+3}
 33771 | Elf:3    | Identified the +0 robe "Vanlyxze" {Str+2}
 33774 | Elf:3    | Identified the +5 plate armour "Woutri" {Int+7}
 33789 | Elf:3    | Identified the +0 robe "Elizotoc" {*Corrode Dex+8 SInv
                  | Stlth-}
 33801 | Elf:3    | Identified the staff "Hydraslayer" {rElec Dex+2 Air}
 33802 | Elf:3    | Identified the +5 halberd of Muissuse {elec, Int+6}
 33827 | Elf:3    | Identified the +0 chain mail of Hysozoqu {rC+ Dex+3}
 33832 | Elf:3    | Got Selal's Vademecum on Gusts and the Congregation
 33834 | Elf:3    | Got the Compendium of Peregrination and the Lungs
 33835 | Elf:3    | Identified the staff "Xaucain" {rF+ Will+ Fire}
 33840 | Elf:3    | Identified the +7 short sword "Sioxiloa" {heavy, rCorr}
 34174 | Elf:3    | Paralysed by an air elemental for 1 turns
 34176 | Elf:3    | Paralysed by an air elemental for 1 turns
 34669 | Swamp:1  | Entered Level 1 of the Swamp
 34847 | Swamp:1  | Identified the serpent talisman of the Candlemaker {rElec
                  | rF- rC++ rN+}
 34847 | Swamp:1  | Noticed Aizul
 34861 | Swamp:1  | Killed Aizul
 35895 | Swamp:2  | Reached skill level 24 in Fighting
 36577 | Swamp:3  | Noticed Mara
 36591 | Swamp:3  | Killed Mara
 36956 | Swamp:4  | Entered Level 4 of the Swamp
 37343 | Swamp:4  | Noticed the 27-headed Lernaean hydra
 37654 | Vaults:1 | Entered Level 1 of the Vaults
 37879 | Vaults:1 | Reached XP level 21. HP: 156/156 MP: 33/33
 38820 | Vaults:2 | Reached skill level 25 in Fighting
 39528 | Vaults:2 | You are sucked into a shaft and drop 2 floors!
 39768 | Vaults:4 | Identified the +0 robe of the Well-Known Lies {Will+}
 39899 | Vaults:4 | Reached XP level 22. HP: 164/164 MP: 34/34
 40670 | Vaults:3 | Noticed Mennas
 40702 | Vaults:3 | Killed Mennas
 40804 | Vaults:3 | Found Nuat's General Store.
 40816 | Vaults:3 | Bought 2 potions of might for 128 gold pieces
 40888 | Vaults:3 | Found Fihe's Weapon Emporium.
 40893 | Vaults:3 | Found Aschefog's Jewellery Emporium.
 41110 | Vaults:3 | Reached skill level 15 in Armour
 41129 | Vaults:3 | Reached skill level 26 in Fighting
 41133 | Vaults:3 | Found Hyhinoo's Antique Armour Boutique.
 41143 | Vaults:3 | Found Gima Car's Assorted Antiques.
 41152 | Vaults:3 | Bought a wand of light (3) for 252 gold pieces
 41190 | Vaults:3 | Found a staircase to the Crypt.
 41190 | Vaults:3 | Found an ancient bone altar of Kikubaaqudgha.
 41191 | Vaults:3 | Found a basalt altar of Yredelemnul.
 41204 | Vaults:3 | Noticed a dread lich
 41214 | Vaults:3 | Paralysed by a dread lich for 5 turns
 41223 | Vaults:3 | Paralysed by a dread lich for 3 turns
 41236 | Vaults:3 | Killed a dread lich
 41794 | Vaults:5 | Entered Level 5 of the Vaults
 41832 | Vaults:5 | Noticed an ancient lich
 41833 | Vaults:5 | Noticed an ancient lich
 41843 | Vaults:5 | Killed an ancient lich
 41844 | Vaults:5 | Reached XP level 23. HP: 164/173 MP: 28/35
 41846 | Vaults:5 | Identified the ring "Dodd" {Fire rCorr}
 41851 | Vaults:5 | Killed an ancient lich
 41901 | Vaults:5 | Noticed a dread lich
 41913 | Vaults:5 | Killed a dread lich
 41969 | Vaults:5 | Identified the +8 arbalest "Esichilu" {antimagic, rElec
                  | rPois rCorr Stlth+}
 42008 | Vaults:5 | Got a silver rune of Zot
 42013 | Vaults:5 | Identified the +1 hand axe of Earthquakes {spect, rN+ MP+9}
 42016 | Vaults:5 | Identified the +0 helmet of Gozag's Benevolence {Fly rCorr
                  | Dex-4 Stlth+}
 42026 | Vaults:5 | Identified the ring "Ykhest" {^Contam rPois Str+4 Int+3
                  | SInv}
 42071 | Vaults:5 | Identified the ring of Wuefogev {rF+ Will+ SInv}
 42279 | Vaults:5 | Reached skill level 27 in Fighting
 42311 | Vaults:5 | Identified the +1 helmet of Roajevon {Will+ Int+3}
 42671 | Vaults:5 | Noticed a golden dragon
 42676 | Vaults:5 | Killed a golden dragon
 42760 | Vaults:5 | Reached skill level 10 in Shields
 42882 | Vaults:5 | Identified the +2 helmet of the Maze {Str-2 Dex+2 Slay+3}
 42884 | Vaults:5 | Identified the +4 chain mail of Topydwiloc {Harm Int+5
                  | Stlth+}
 42890 | Vaults:5 | Identified the +0 arbalest of Darkness {speed, rElec
                  | Stlth+}
 42915 | Vaults:5 | Identified the +6 scale mail of the Snake Pit {-Tele Will+
                  | Dex+7}
 43629 | Swamp:4  | Killed the 27-headed Lernaean hydra
 43736 | Swamp:4  | Got a decaying rune of Zot
 44128 | Slime:1  | Entered Level 1 of the Pits of Slime
 44848 | Slime:4  | Reached XP level 24. HP: 181/181 MP: 35/35
 45007 | Slime:5  | Entered Level 5 of the Pits of Slime
 45021 | Slime:5  | Gained mutation: Your body sometimes deteriorates upon
                  | taking damage. [a shining eye]
 45679 | Slime:5  | Noticed the Royal Jelly
 45737 | Slime:5  | Killed the Royal Jelly
 45738 | Slime:5  | Reached skill level 15 in Shields
 45779 | Slime:5  | Noticed Dissolution
 45786 | Slime:5  | Gained mutation: You sometimes lose your temper in combat.
                  | [a shining eye]
 45798 | Slime:5  | Killed Dissolution
 46023 | Slime:5  | Identified the +6 quarterstaff of Woacy {flame, *Noise rF+
                  | Str+2 SInv}
 46024 | Slime:5  | Identified the ring "Offoc" {Str+6 Dex+3}
 46033 | Slime:5  | Got a slimy rune of Zot
 46034 | Slime:5  | Identified the amulet of the Hurting Jester {Spirit rC+
                  | Str+2}
 46067 | Slime:5  | Identified the +1 great sword of Uskayaw's Inspiration
                  | {antimagic, rElec rC- Dex+4}
 46083 | Slime:5  | Got the Cyclopedia of the Wind
 46601 | Depths:1 | Entered Level 1 of the Depths
 46685 | Depths:1 | Found a one-way gateway to a ziggurat.
 46696 | Depths:1 | Found a radiant altar of Vehumet.
 46857 | Depths:1 | Lost mutation: You sometimes lose your temper in combat.
                  | [potion of mutation]
 46857 | Depths:1 | Lost mutation: Your body sometimes deteriorates upon taking
                  | damage. [potion of mutation]
 46857 | Depths:1 | Gained mutation: You are vulnerable to heat. (rF-) [potion
                  | of mutation]
 47124 | Depths:1 | Found a one-way gate leading to the halls of Pandemonium.
 47323 | Depths:1 | Found a gateway to Hell.
 47713 | Depths:2 | Noticed Nikola
 47722 | Depths:2 | Killed Nikola
 47778 | Depths:2 | Noticed a caustic shrike
 47787 | Depths:2 | Killed a caustic shrike
 47828 | Depths:2 | Reached XP level 25. HP: 187/187 MP: 35/35
 47923 | Depths:2 | Found a one-way gate to the infinite horrors of the Abyss.
 47945 | Depths:2 | Found the +8 whip "Snakebite" {venom, curare, rPois}
 47949 | Depths:2 | Got Xakek's Codex of the Spagyric Wayfarer
 48316 | Depths:2 | Found a snail-covered altar of Cheibriados.
 48801 | Crypt:1  | Entered Level 1 of the Crypt
 49443 | Crypt:1  | Reached skill level 15 in Evocations
 49532 | Crypt:1  | Learned a level 3 spell: Fugue of the Fallen
 49656 | Crypt:1  | Reached skill level 1 in Spellcasting
 49656 | Crypt:1  | Reached skill level 1 in Necromancy
 50232 | Crypt:2  | Identified the +7 dagger of Ruination {vamp, rPois rN+
                  | SInv}
 50584 | Crypt:2  | Identified the +2 robe of Devotion {rPois Str-2 Int-3
                  | Dex+8}
 50640 | Crypt:2  | Found an ancient bone altar of Kikubaaqudgha.
 51406 | Crypt:3  | Entered Level 3 of the Crypt
 51957 | Crypt:3  | Found a staircase to the Tomb.
 52127 | Crypt:3  | Reached XP level 26. HP: 182/190 MP: 35/35
 52181 | Crypt:3  | Found a basalt altar of Yredelemnul.
 52829 | Crypt:3  | Noticed an ancient lich
 52849 | Crypt:3  | Killed an ancient lich
 52970 | Crypt:3  | Identified the +0 leather armour of the Boiling Point
                  | {Stlth+}
 52974 | Crypt:3  | Identified the ring "Fiob" {Fire Int+4}
 53833 | Hell     | Entered the Vestibule of Hell
 53834 | Hell     | Noticed Geryon
 53867 | Hell     | Killed Geryon
 53903 | Hell     | Found a gateway to the ashen valley of Gehenna.
 54257 | Hell     | Found a gateway to the Iron City of Dis.
 54316 | Hell     | Found a gateway to the freezing wastes of Cocytus.
 54439 | Hell     | Found a gateway to the decaying netherworld of Tartarus.
 54539 | Geh:1    | Entered Level 1 of Gehenna
 54559 | Geh:1    | Reached skill level 5 in Spellcasting
 54672 | Geh:1    | Reached skill level 5 in Necromancy
 55047 | Geh:2    | HP: 8/176 [searing wretch (17)]
 56482 | Geh:4    | Reached XP level 27. HP: 181/199 MP: 35/35
 56580 | Geh:5    | HP: 7/167 [Brimstone Fiend/damnation (18)]
 56580 | Geh:5    | HP: 3/167 [hellephant/blast of flame (4)]
 56580 | Geh:5    | Killed from afar by an Ice Fiend

Illustrated notes

Levels and vault maps discovered:
D:1:      sevenhm_arrival_forest_fort_large_2, layout_rooms,
          shapermc_ecumenical_altar_flowoftime, minmay_vboxes
D:2:      layout_basic, basic_altar
D:3:      layout_rooms, nicolae_dithmenos_shadow_blocks, lemuel_doored_altar,
          serial_glass, glass_columns_a, glass_columns_b
D:4:      layout_layer_cave, mainiacjoe_overflow_concentric_impassable,
          minmay_temple_entry_hall
D:5:      layout_cave_pools, okawaru_trees_1, ebering_ghost_disaster_area,
          minmay_misc_feat_iff, uniq_menkaure
D:6:      layout_loops_cross, nicolae_shop_sticking_my_neck_out
D:7:      layout_loops_corners, grunt_temple_overflow_holy_war
D:8:      layout_basic, dpeg_lair_monsters, chequers_serial_rivers_large_a
D:9:      layout_loops_ring, grunt_gozag_breadcrumbs, kennysheep_slug_shrine,
          uniq_gastronok
D:10:     old_forge, layout_loops_ring, mainiacjoe_overflow_catch_the_wave,
          orc_0_dummy
D:11:     layout_loops_cross, serial_shops, shop
D:12:     layout_basic, gammafunk_ghost_cemetery, sword_in_stone
D:13:     layout_grid_maze, serial_park_tiny_pond,
          nicolae_shop_overcharged_wands, uniq_sonja, uniq_lodul
D:14:     layout_roguey, david_vaults_3, nicolae_sextant,
          lightli_fourway_metalbox
D:15:     grunt_enter_depths_magical_seal, layout_cave_pools,
          minmay_misc_feat_rows
Temple:   hellmonk_temple_two_chambers
Lair:1:   layout_hall_layers, enter_volcano_4
Lair:2:   layout_chaotic_city, alex1729_snake_entry_snake,
          infiniplex_staircase_pool, uniq_erica
Lair:3:   layout_cave_pods, minmay_swamp_entry_worms,
          portal_ice_cave_entry_imps, infiniplex_staircase_pool_2,
          grunt_megastairs_2, uniq_fannar
Lair:4:   layout_roguey, basic_altar
Lair:5:   evilmike_catoblepas_cave, layout_layer_cave, slime_entry_1,
          pdpol_lair_neglected_garden, serial_bayou_shore_a, grunt_megastairs_5,
          uniq_nessos
Swamp:1:  layout_basic_swamp, nicolae_swamp_little_swirl, uniq_aizul
Swamp:2:  layout_basic_swamp, nicolae_swamp_tree_isthmus, grunt_hermit_hut
Swamp:3:  layout_falls_marsh, evilmike_swamp_ruin_rubble_1, swamp_pool_1_2,
          uniq_mara
Swamp:4:  grunt_swamp_rune_castle, layout_basic_swamp
Snake:1:  layout_onion, serial_shops, shop
Snake:2:  layout_gridlike, hangedman_snake_corridor_split, serial_bayou_shore_b
Snake:3:  layout_onion_interference, grunt_ministairs_7, uniq_agnes
Snake:4:  grunt_snake_rune_spirals, layout_onion, gammafunk_ghost_grave,
          serial_bayou_pond_c, drop_trap
Slime:1:  layout_caves
Slime:2:  layout_caves
Slime:3:  layout_caves
Slime:4:  layout_caves
Slime:5:  slime_pit_nicolae_royal_road_to_ruin, uniq_dissolution
Orc:1:    layout_caves, hangedman_minor_magic, uniq_erolcha, uniq_jorgrun,
          uniq_urug
Orc:2:    grunt_orc_gardens, layout_caves, grunt_orc_garden, grunt_orc_garden,
          grunt_orc_garden, grunt_orc_garden, lightli_orcish_oven
Elf:1:    nicolae_elf_arrival_aired_out, layout_gridlike,
          nicolae_elf_blasts_and_bolts, lemuel_upstairs_altar, minmay_shoptagon
Elf:2:    nicolae_elf_blades_crystal_corner, layout_gridlike, serial_shops,
          nicolae_shop_waterfront
Elf:3:    elf_hall, layout_onion_city, uniq_saint_roka
Vaults:1: v_misc_9, nicolae_vaults_little_squares_3, v_misc_14, v_misc_13,
          nicolae_vaults_little_squares_6, ontoclasm_vaults_gateway,
          v_pattern_1, nicolae_vaults_minivaults,
          nicolae_vaults_offset_grid_hallway_3, vaults_room_stairs_pillars,
          nicolae_vaults_storage_room_glass, vaults_room_fancy_cross,
          nicolae_vaults_tetromino_L_2, vaults_dpeg_hooks,
          ontoclasm_vaults_chip, nicolae_vaults_variable_pillar_hall,
          nicolae_vaults_house_3, layout_vaults_ring
Vaults:2: vaults_room_grid, grunt_vaults_funnel, v_misc_12, v_misc_28,
          vaults_room_pool, v_misc_16, layout_vaults_omnigrid
Vaults:3: nicolae_vaults_windows_and_doors_thing, vaults_room_hallway,
          minmay_crypt_entry_necro_gods, ontoclasm_vaults_gallery,
          nicolae_vaults_rhombus_5, nicolae_vaults_closet_pinwheel_2,
          ontoclasm_vaults_loading_screen, nicolae_vaults_sightless_eye,
          ontoclasm_vaults_chip, hangedman_vaults_cutoff, v_pattern_5,
          nicolae_vaults_tetromino_Z_1, layout_vaults_maze_snakey, serial_shops,
          shop, nicolae_shop_stone, nicolae_shop_hallway_plus, shop,
          nicolae_shop_crystal, uniq_mennas
Vaults:4: nicolae_vaults_rhombus_5, nicolae_vaults_little_ls,
          nicolae_vaults_angled_halls, nicolae_vaults_door_testing_chamber,
          nicolae_vaults_circle_grid_a, nicolae_vaults_tetromino_Z_2,
          vaults_mumra_hex, nicolae_vaults_two_Ls, v_misc_15,
          vaults_room_grunt_arrival_ludios, nicolae_vaults_double_plus_2,
          nicolae_vaults_wrenched, v_misc_22, layout_vaults_big_room
Vaults:5
Crypt:1:  layout_chaotic_city, grunt_megastairs_3
Crypt:2:  layout_catacombs, basic_altar, grunt_ministairs_4, eino_tiny_chamber,
          serial_library_hellmonk_room_a, nicolae_crypt_deepening_niches
Crypt:3:  church_of_pain_bobbens, layout_chaotic_city, nicolae_crypt_lichyard
Depths:1: layout_cave_shapes, enter_ziggurat_e, pf_hell_entry_great_geh,
          rand_demon_pan_entry_4, hex_large, fiery_altar_vehumet
Depths:2: lemuel_traditional_vault, layout_gridlike, rand_demon_pan_entry_9,
          abyss_entry, hell_entry, lemuel_crystal_altar,
          infiniplex_staircase_pillars_3a, uniq_nikola
Hell
Geh:1:    layout_gehenna_pools_triple, gehenna_fire_generator
Geh:2:    layout_gehenna_pools_triple
Geh:3:    layout_gehenna_lava_caves
Geh:4:    layout_gehenna_pools_basic
Geh:5:    layout_gehenna_pools_triple, nicolae_hells_fiendish_ambush

Skill      XL: |  1  2  3  4  5  6  7  8  9 10 11 12 13 14 15 16 17 18 19 20 21 22 23 24 25 26 |
---------------+-------------------------------------------------------------------------------+-----
Maces & Flails | 3 4 5 |  5.0
Fighting       | 4 5 6 7 9 11 12 15 17 18 19 20 21 22 23 24 25 26 27 | 27.0
Armour         | 4 6 9 10 13 17 18 20 23 | 23.0
Shields        | 6 8 13 16 | 16.2
Axes           | 5 8 9 12 14 16 18 19 | 19.8
Invocations    | 1 8 13 16 17 | 17.2
Evocations     | 6 8 10 13 15 | 15.0
Spellcasting   | 2 7 |  7.3
Necromancy     | 2 6 |  6.6

Action                     |  1- 3 |  4- 6 |  7- 9 | 10-12 | 13-15 | 16-18 | 19-21 | 22-24 | 25-27 || total
---------------------------+-------+-------+-------+-------+-------+-------+-------+-------+-------++-------
  Melee: Flail             |    87 |   180 |   436 |    53 |     4 |    25 |    15 |       |       ||   800
         Hand axe          |       |       |       |   688 |   810 |   943 |       |       |       ||  2441
         Broad axe         |       |       |       |       |       |   585 |  1297 |  1346 |  1418 ||  4646
  Throw: Boomerang         |       |       |     5 |       |       |       |       |       |       ||     5
         Javelin           |       |       |     4 |       |       |       |       |       |       ||     4
         Throwing net      |       |       |       |     1 |       |       |       |       |       ||     1
         Dart              |       |       |       |    10 |       |       |       |       |       ||    10
 Invoke: Greater Servant o |       |       |       |       |       |       |       |     1 |       ||     1
  Evoke: Wand              |       |       |     1 |     4 |    11 |     4 |    36 |     3 |       ||    59
         Phantom mirror    |       |       |       |       |       |       |       |     2 |       ||     2
    Use: Scroll            |       |     3 |     3 |     6 |     9 |    19 |     2 |     8 |    10 ||    60
         Potion            |       |     1 |     2 |    14 |     3 |     4 |     4 |     6 |     3 ||    37
   Stab: Invisible         |       |       |       |     3 |     3 |       |       |       |       ||     6
         Held in net/web   |       |       |       |     1 |       |       |       |       |       ||     1
         Distracted        |       |       |       |       |       |     1 |       |       |       ||     1
 Armour: Scale mail        |    77 |   126 |   365 |   442 |   510 |   937 |   217 |       |       ||  2674
         Skin              |       |       |     5 |    12 |       |       |       |     3 |       ||    20
         Leather armour    |       |       |       |       |       |       |   871 |    53 |       ||   924
         Plate armour      |       |       |       |       |       |       |       |  1082 |       ||  1082
         Gold dragon scale |       |       |       |       |       |       |       |       |   723 ||   723
  Dodge: Dodged            |    45 |    68 |   187 |   147 |   178 |   317 |   301 |   240 |   122 ||  1605
  Block: Buckler           |    23 |    25 |       |       |       |       |       |       |       ||    48
         Kite shield       |       |    62 |   381 |   414 |   603 |  1131 |       |       |       ||  2591
         Reflection        |       |       |       |       |     7 |   135 |    97 |    67 |     7 ||   313
         Tower shield      |       |       |       |       |       |   391 |  1702 |  1658 |  1918 ||  5669

Table legend: (Time is in decaauts)
 A = Elapsed time spent in this place.
 B = Non-inter-level travel time spent in this place.
 C = Inter-level travel time spent in this place.
 D = Time resting spent in this place.
 E = Time spent auto-exploring this place.
 F = Levels seen in this place.
 G = Mean time per level.
                   A        B        C        D        E       F      G
               +--------+--------+--------+--------+--------+-----+--------+
         Total |  56185 |  50961 |   5224 |   9035 |  30113 |  59 |  952.3 |
       Dungeon |  19745 |  17974 |   1771 |   5376 |   9167 |  15 | 1316.3 |
        Temple |     18 |      1 |     17 |      0 |      0 |   1 |   18.0 |
          Lair |   6260 |   5327 |    933 |    852 |   3461 |   5 | 1252.0 |
         Swamp |   3376 |   3003 |    373 |    320 |   1967 |   4 |  844.0 |
     Snake Pit |   3597 |   3440 |    157 |    285 |   2271 |   4 |  899.2 |
    Slime Pits |   2157 |   1979 |    178 |    483 |    945 |   5 |  431.4 |
  Orcish Mines |   1948 |   1793 |    155 |    308 |   1085 |   2 |  974.0 |
   Elven Halls |   3461 |   3219 |    242 |    147 |   2156 |   3 | 1153.7 |
        Vaults |   6482 |   5659 |    823 |    147 |   3927 |   5 | 1296.4 |
         Crypt |   3987 |   3697 |    290 |    197 |   2543 |   3 | 1329.0 |
        Depths |   2135 |   1957 |    178 |     32 |   1385 |   2 | 1067.5 |
          Hell |    635 |    608 |     27 |      0 |    353 |   1 |  635.0 |
       Gehenna |   1989 |   1916 |     73 |    888 |    697 |   5 |  397.8 |
         Abyss |    194 |    194 |      0 |      0 |     86 |   3 |   64.7 |
       Volcano |    197 |    197 |      0 |      0 |     66 |   1 |  197.0 |
               +--------+--------+--------+--------+--------+-----+--------+

Top non-repeatable levels by time:
     D:7: 2222 daAuts
    D:10: 1996 daAuts
    D:13: 1818 daAuts
    D:14: 1777 daAuts
  Lair:5: 1686 daAuts
   Elf:3: 1588 daAuts
 Crypt:3: 1564 daAuts
    D:12: 1491 daAuts
     D:4: 1432 daAuts
     D:9: 1430 daAuts
    D:15: 1429 daAuts
Vaults:2: 1426 daAuts
Vaults:5: 1424 daAuts
Vaults:3: 1382 daAuts
 Crypt:2: 1358 daAuts
